 Dungeon Crawl Stone Soup version 0.27.1-3-gb3d3a73c9e (webtiles) character file.

Game seed: 2071332155078803900

177 Crownlay the Digger (level 5, -9/28 HPs)
             Began as a Gargoyle Earth Elementalist on Oct 21, 2021.
             Mangled by an ogre (29 damage)
             ... on level 3 of the Dungeon.
             The game lasted 00:06:13 (2556 turns).

Crownlay the Digger (Gargoyle Earth Elementalist)   Turns: 2556, Time: 00:06:13

Health: -9/28      AC:  9    Str: 11    XL:     5   Next: 57%
Magic:  6/9        EV: 11    Int: 17    God:
Gold:   17         SH:  0    Dex: 10    Spells: 9/10 levels left

rFire    . . .     SeeInvis .   e - +0 dagger
rCold    . . .     Faith    .   (no shield)
rNeg     + . .     Spirit   .   b - +0 robe
rPois    ∞         Reflect  .   l - +2 hat
rElec    +         Harm     .   (no cloak)
rCorr    .         Rampage  .   m - +0 pair of gloves
Will     .....                  (no boots)
Stlth    ++........             (no amulet)
HPRegen  0.09/turn              (no ring)
MPRegen  0.11/turn              (no ring)

@: no status effects
A: sickness immunity, AC +4, negative energy resistance 1, electricity
resistance, torment resistance 1, petrification resistance
a: no special abilities


You were on level 3 of the Dungeon.
You visited 1 branch of the dungeon, and saw 3 of its levels.

You collected 17 gold pieces.

Inventory:

Hand Weapons
 e - a +0 dagger (weapon)
Missiles
 c - 112 stones
Armour
 b - a +0 robe (worn)
 l - a +2 hat (worn)
 m - a +0 pair of gloves (worn)
Wands
 j - a wand of flame (17)
Scrolls
 a - 2 scrolls of teleportation {unknown}
 f - a scroll of fear {unknown}
Potions
 d - a potion of cancellation {unknown}
 g - a potion of brilliance {unknown}
 h - a potion of mutation {unknown}
 i - a potion of invisibility {unknown}
 k - a potion of berserk rage {unknown}


   Skills:
 - Level 1.5 Dodging
 - Level 2.1 Stealth
 + Level 3.3 Spellcasting
 - Level 0.7 Transmutations
 * Level 6.3 Earth Magic


You had 9 spell levels left.
You knew the following spells:

 Your Spells              Type           Power      Damage    Failure   Level
a - Sandblast             Erth           48%        2d12      1%          1

Your spell library contained the following spells:

 Spells                   Type           Power      Damage    Failure   Level
 Passwall                 Tmut/Erth      11%        N/A       6%          2
 Stone Arrow              Conj/Erth      26%        3d8       14%         3
 Petrify                  Tmut/Erth      14%        N/A       36%         4
 Fireball                 Conj/Fire      1%         3d3       99%         5
 Starburst                Conj/Fire      1%         6d3       100%        6
 Ignition                 Fire           1%         3d3       100%        8


Dungeon Overview and Level Annotations

Branches:
Dungeon (3/15)

Altars:
Okawaru


Innate Abilities, Weirdness & Mutations

You are immune to sickness and miasma.
Your stone body is resilient. (AC +4)
You are immune to poison.
You resist negative energy. (rN+)
You are resistant to electric shocks. (rElec)
You are resistant to unholy torment.
You are immune to petrification.


Message History

You see here an orc corpse.
You enter the shallow water.
Moving in this stuff is going to be slow.
You see here an orc corpse.
There is an open door here.
You see here a gnoll corpse.
There is a stone staircase leading down here.
You open the door.
There is an open door here.
There is an open door here.
You open the door.
There is an open door here.
Found a scroll labelled AXTAENIEST.
Okay, then.
Found a leather armour.
a - 2 scrolls labelled AXTAENIEST (gained 1)
You open the door. You open the door.
Found a stone staircase leading up.
There is an open door here.
Found a fizzy white potion.
Found a stone staircase leading up.
h - a fizzy white potion
Found an escape hatch in the floor.
Found an escape hatch in the ceiling.
There is an escape hatch in the floor here.
There is an escape hatch in the ceiling here.
An ogre comes into view. It is wielding a +0 giant spiked club.
The ogre shouts!
No target in view!
An ogre is nearby!
The blast of sand hits the ogre!
The ogre is heavily wounded.
The blast of sand hits the ogre.
The ogre is severely wounded.
The ogre hits you with a +0 giant spiked club!
The blast of sand hits the ogre!
The ogre is almost dead.
The ogre hits you with a +0 giant spiked club!!
Ouch! That really hurt!
You die...

.<# #.# #. ... #. #.# ##
## #. #.# ....#
###.#######.###...#
#.......#.....#.#.###.#
#......<#.#...#O#.....#
#.........#.....@#######
###+#'#.###..#.#.##...<#
#.#.#..........##.##.#
#.#.######.#.#..#.##>#
#.#.# #......#.##.#
#.#.######..#.....##.#
###'#......##.########.#
..[..#####+##...### #.#
.....#............# #.#


You could see an ogre.

Vanquished Creatures
  Natasha (thrice) (D:2)
  Robin (D:2)
  2 gnolls (D:3)
  An adder (D:2)
  2 worms (D:2)
  2 dart slugs
  An orc (D:3)
  2 ball pythons
  2 endoplasms
  11 goblins
  7 hobgoblins
  4 jackals (D:2)
  6 kobolds
  A quokka (D:1)
  3 bats
  2 frilled lizards (D:2)
  A rat (D:2)
51 creatures vanquished.

Notes
Turn   | Place    | Note
-------+----------+-------------------------------------------
     0 | D:1      | Crownlay the Gargoyle Earth Elementalist began the quest
                  | for the Orb.
     0 | D:1      | Reached XP level 1. HP: 10/10 MP: 3/3
   170 | D:1      | Reached skill level 4 in Earth Magic
   245 | D:1      | Reached XP level 2. HP: 5/15 MP: 3/5
   780 | D:1      | Found a faded altar of an unknown god.
  1465 | D:2      | Reached XP level 3. HP: 13/19 MP: 1/6
  1635 | D:2      | Noticed Natasha
  1640 | D:2      | Killed Natasha
  1641 | D:2      | Reached skill level 5 in Earth Magic
  1641 | D:2      | Reached XP level 4. HP: 24/24 MP: 1/8
  1719 | D:2      | Noticed Robin
  1751 | D:2      | Killed Robin
  2118 | D:2      | Noticed Natasha
  2125 | D:2      | Killed Natasha
  2126 | D:2      | Reached XP level 5. HP: 19/28 MP: 4/9
  2138 | D:2      | Noticed Natasha
  2143 | D:2      | Killed Natasha
  2144 | D:2      | Reached skill level 6 in Earth Magic
  2433 | D:3      | Found an iron altar of Okawaru.
  2550 | D:3      | Noticed an ogre
  2556 | D:3      | Mangled by an ogre

Illustrated notes

Levels and vault maps discovered:
D:1:      lemuel_arrival_behind_the_door_large, layout_loops_cross,
          shapermc_ecumenical_altar_mp_highgroup, minmay_misc_feat_doors
D:2:      layout_basic, uniq_natasha, uniq_robin
D:3:      layout_basic, makhleb_altar_promises_db, okawaru_altar_gauntlet_db,
          jmf_multi_god_temple2, serial_glass, glass_columns_a, glass_columns_a,
          glass_columns_a, kennysheep_generic_room_7, uniq_ijyb

Skill      XL: |  1  2  3  4  5 |
---------------+----------------+-----
Earth Magic    | 4 5 6 |  6.3
Spellcasting   | 3 |  3.3
Dodging        | |  1.5
Stealth        | |  2.1
Transmutations | |  0.7

Action                   |  1- 3 |  4- 6 || total
-------------------------+-------+-------++-------
Melee: Dagger            |    76 |    36 ||   112
       Unarmed           |     4 |       ||     4
 Cast: Sandblast         |    19 |    32 ||    51
 Stab: Sleeping          |     3 |     3 ||     6
Armor: Robe              |    37 |    17 ||    54
Dodge: Dodged            |    75 |    17 ||    92
